 Dungeon Crawl Stone Soup version 0.28-a0-631-g0446da8ef9 (webtiles) character file.

Game seed: 13038413482033964962

719 OfficerJojo the Skirmisher (level 7, -14/63 HPs)
             Began as a Hill Orc Fighter on Oct 10, 2021.
             Demolished by an ogre (30 damage)
             ... on level 5 of the Dungeon.
             The game lasted 00:07:44 (4061 turns).

OfficerJojo the Skirmisher (Hill Orc Fighter)       Turns: 4061, Time: 00:07:44

Health: -14/63     AC:  7    Str: 21    XL:     7   Next: 70%
Magic:  7/7        EV:  9    Int:  8    God:
Gold:   434        SH:  5    Dex: 12    Spells: 6/6 levels left

rFire   . . .      SeeInvis .   e - +10 broad axe "Piroist" {vorpal, Dex+2}
rCold   . . .      Faith    +   c - +0 buckler
rNeg    . . .      Spirit   .   b - +0 scale mail
rPois   .          Reflect  .   (no helmet)
rElec   .          Harm     .   m - scarf {repulsion}
rCorr   .          Rampage  .   (no gloves)
Will    .....                   (no boots)
Stlth   ..........              o - amulet of faith
HPRegen 0.20/turn               (no ring)
MPRegen 0.10/turn               (no ring)

@: repel missiles
A: no striking features
a: no special abilities


You were on level 5 of the Dungeon.
You visited 1 branch of the dungeon, and saw 5 of its levels.

You collected 434 gold pieces.

Inventory:

Hand Weapons
 a - a +0 war axe
 e - the +10 broad axe "Piroist" (weapon) {vorpal, Dex+2}
   (You acquired it on level 1 of the Dungeon)

   It inflicts extra damage upon your enemies.
   Dex:       It affects your dexterity (+2).
Armour
 b - a +0 scale mail (worn)
 c - a +0 buckler (worn)
 m - a scarf of repulsion (worn)
 t - a +1 ring mail of willpower
Jewellery
 o - an amulet of faith (around neck)
Scrolls
 f - 6 scrolls of identify {unknown}
 h - 2 scrolls of amnesia {unknown}
 i - a scroll of holy word {unknown}
 j - a scroll of silence {unknown}
 p - a scroll of teleportation
 r - a scroll of noise {unknown}
 s - a scroll of fog {unknown}
 u - a scroll of enchant weapon {unknown}
Potions
 d - 2 potions of might
 g - a potion of invisibility {unknown}
 k - 2 potions of flight {unknown}
 l - 3 potions of lignification {unknown}
 n - a potion of degeneration {unknown}
 q - a potion of curing {unknown}


   Skills:
 * Level 6.1 Fighting
 * Level 6.0 Axes
 * Level 5.5 Armour
 * Level 5.5 Shields


You had 6 spell levels left.
You didn't know any spells.
Your spell library contained the following spells:

 Spells                   Type           Power      Damage    Failure   Level
 Conjure Flame            Conj/Fire      0%         6-21      97%         3
 Dazzling Flash           Conj/Hex       0%         N/A       97%         3
 Ignite Poison            Fire/Tmut/Pois 0%         N/A       97%         3
 Iskenderun's Mystic Bla  Conj/Tloc      0%         2d3       100%        4
 Sticky Flame             Conj/Fire      0%         2d3       100%        4
 Starburst                Conj/Fire      0%         6d3       100%        6


Dungeon Overview and Level Annotations

Branches:
Dungeon (5/15)
 Temple: D:4-7

Altars:
Dithmenos
Uskayaw
Vehumet
Xom


Message History

You slash the centaur zombie!
You destroy the centaur zombie!
You slice the centaur zombie!!
The centaur zombie is almost destroyed.
A hound skeleton comes into view.
The centaur zombie hits you but does no damage.
The centaur zombie kicks you but does no damage.
You block the centaur zombie's attack. x2
You slash the centaur zombie!
You destroy the centaur zombie!
The hound skeleton completely misses you.
You completely miss the hound skeleton. The hound skeleton bites you.
You slice the hound skeleton!!
You destroy the hound skeleton!
No target in view!
No target in view!
HP restored.
An orc warrior comes into view. It is wielding a +3 scimitar of pain.
Found a manual of Crossbows.
The orc warrior shouts!
An orc warrior is nearby!
An ogre comes into view. It is wielding a +0 giant club.
The ogre shouts!
The orc warrior hits you with a +3 scimitar of pain!
You barely miss the orc warrior. The orc warrior misses you.
You slice the orc warrior!!
You kill the orc warrior!
The ogre hits you with a +0 giant club!!
Your Fighting skill increases to level 6!
Your Axes skill increases to level 6!
You are too injured to fight recklessly!
You are too injured to fight recklessly!
You slash the ogre!
The ogre is severely wounded.
The ogre hits you with a +0 giant club!
* * * LOW HITPOINT WARNING * * *
You barely miss the ogre.
The ogre is severely wounded.
The ogre hits you with a +0 giant club!!
You die...

..........##... ..
..........##.# ...
#####........# ....
#.....#..######.....
######.#..#..)........#
.............###.###....
#####.#.#.#...##.# .
#####.#.#.#....#.#
....#.#.#.#..#.#@#
....#.#.#.##...#O#
....#.#.#.##.#.#.#
....#.#.#.....##.#
#####.#.....## .:.
......###.# #.# .######
#.# .# .#. .#


You could see an ogre.

Vanquished Creatures
  A steam dragon (D:4)
  An orc warrior (D:5)
  A phantom (D:4)
  2 centaur zombies (D:5)
  A jelly (D:4)
  An orc priest (D:3)
  Jessica (D:3)
  An orc wizard (D:5)
  2 iguanas (D:4)
  4 hound skeletons
  5 adders
  A dart slug (D:1)
  9 orcs
  5 ball pythons
  8 endoplasms
  4 giant cockroaches
  9 goblins
  7 hobgoblins
  6 quokkas
  7 bats
  4 frilled lizards
  8 kobolds
  5 rats
93 creatures vanquished.

Vanquished Creatures (others)
  A plant (D:1)
1 creature vanquished.

Grand Total: 94 creatures vanquished

Notes
Turn   | Place    | Note
-------+----------+-------------------------------------------
     0 | D:1      | OfficerJojo the Hill Orc Fighter began the quest for the
                  | Orb.
     0 | D:1      | Reached XP level 1. HP: 19/19 MP: 1/1
   238 | D:1      | Reached XP level 2. HP: 26/27 MP: 2/2
   344 | D:1      | Identified a scroll of acquirement
   344 | D:1      | Acquired the +10 broad axe "Piroist" {vorpal, Dex+2}
   352 | D:1      | Found a faded altar of an unknown god.
   772 | D:1      | Reached XP level 3. HP: 32/33 MP: 3/3
  1393 | D:2      | Reached XP level 4. HP: 37/40 MP: 4/4
  2138 | D:3      | Reached XP level 5. HP: 12/47 MP: 5/5
  2455 | D:3      | Noticed Jessica
  2459 | D:3      | Killed Jessica
  2563 | D:3      | Found a shimmering altar of Xom.
  2699 | D:3      | Found a radiant altar of Vehumet.
  2967 | D:4      | Noticed a phantom
  2975 | D:4      | Killed a phantom
  2976 | D:4      | Reached skill level 5 in Fighting
  2976 | D:4      | Reached XP level 6. HP: 39/56 MP: 6/6
  3201 | D:4      | Reached skill level 5 in Axes
  3684 | D:4      | Found a shadowy altar of Dithmenos.
  3685 | D:4      | Noticed a steam dragon
  3694 | D:4      | Killed a steam dragon
  3695 | D:4      | Reached skill level 5 in Armour
  3695 | D:4      | Reached skill level 5 in Shields
  3695 | D:4      | Reached XP level 7. HP: 26/62 MP: 7/7
  3939 | D:5      | Entered Level 5 of the Dungeon
  3950 | D:5      | Found a hide-covered altar of Uskayaw.
  4061 | D:5      | Demolished by an ogre

Illustrated notes

Levels and vault maps discovered:
D:1:      erik_arrival_cave_to_civilisation [erik_arrival_cave_to_hall],
          layout_basic, dreamdust_ecumenical_altar_statues,
          serial_bayou_crossing
D:2:      layout_basic
D:3:      cheibrodos_pilgrimage, layout_loops_ring, lemuel_doored_altar,
          fiery_altar_vehumet, kennysheep_doodads, uniq_jessica
D:4:      layout_basic, overflow_temple_1_default, minivault_1
D:5:      layout_basic, amcnicky_altar_gilded, mainiacjoe_overflow_alcove_2,
          minmay_temple_entry_stoned_glass, minmay_manual_monstrance,
          uniq_eustachio

Skill      XL: |  1  2  3  4  5  6  7 |
---------------+----------------------+-----
Axes           | 3 4 5 6 |  6.0
Fighting       | 4 5 6 |  6.1
Armour         | 4 5 |  5.5
Shields        | 4 5 |  5.5

Action                   |  1- 3 |  4- 6 |  7- 9 || total
-------------------------+-------+-------+-------++-------
Melee: War axe           |    31 |       |       ||    31
       Broad axe         |    42 |    88 |    14 ||   144
  Use: Scroll            |     3 |       |       ||     3
Armor: Scale mail        |    43 |    19 |     5 ||    67
Dodge: Dodged            |    34 |    42 |     7 ||    83
Block: Buckler           |    23 |    18 |     4 ||    45

Table legend: (Time is in decaauts)
 A = Elapsed time spent in this place.
 B = Non-inter-level travel time spent in this place.
 C = Inter-level travel time spent in this place.
 D = Time resting spent in this place.
 E = Time spent auto-exploring this place.
 F = Levels seen in this place.
 G = Mean time per level.
                   A        B        C        D        E       F      G
               +--------+--------+--------+--------+--------+-----+--------+
         Total |   4137 |   4023 |    114 |    413 |   2886 |   5 |  827.4 |
       Dungeon |   4137 |   4023 |    114 |    413 |   2886 |   5 |  827.4 |
               +--------+--------+--------+--------+--------+-----+--------+

Top non-repeatable levels by time:
     D:1: 1096 daAuts
     D:4: 1085 daAuts
     D:3: 935 daAuts
     D:2: 896 daAuts
     D:5: 125 daAuts
